AoeStats
← impossible

Fortress

510210809Analyzed
4v4 RM · 4d ago on Sep 30, 2026· 56m 56s· 8 players
Game mode
Random Map
Map size
Huge
Population
200
Speed
Normal
Resources
Standard
Victory
Conquest
Starting age
Dark Age
Ending age
Imperial Age
RankedLock teamsTeams togetherTeam positionsShared explorationLock speedFull tech treeHidden civsTurbo modeCheats
Victory
Defeat
🇦🇷 Wu · Argentina
1261
+13
🇧🇷 Khmer · Brazil
1208
+15
🇦🇷 Burmese · Argentina
1198
+15
🇦🇷 Franks · Argentina
1172
+18
🇷🇺 Khmer · Russia
1224
-17
🇲🇽 Persians · Mexico
1213
-16
🇲🇽 Franks · Mexico
1166
-14
🇳🇿 Vikings · New Zealand
1152
-14
damiansima
8:13 Feudal Age
12:29 Castle Age
10:13 Horse Collar
11:11 Gold Mining
20:57 Husbandry
21:16 Padded Archer Armor
23:26 Loom
24:20 Wheelbarrow
23:33 Town Watch
24:33 Bloodlines
25:01 Stone Mining
26:06 Sanctity
29:46 Imperial Age
28:37 Gold Shaft Mining
29:06 Light Cavalry
31:33 Conscription
30:33 Elite Arambai
31:00 Hussar
32:29 Scale Barding Armor
32:35 Forging
34:21 Chain Barding Armor
34:36 Iron Casting
36:58 Plate Barding Armor
37:24 Blast Furnace
37:10 Fletching
37:50 Manipur Cavalry
40:31 Chemistry
40:08 Bodkin Arrow
40:13 Scale Mail Armor
41:29 Elite Battle Elephant
44:09 Ballistics
43:54 Siege Engineers
43:59 Masonry
43:52 Bracer
44:52 Chain Mail Armor
44:39 Squires
44:26 Arson
44:27 Gambesons
44:02 Man-at-Arms
47:28 Plate Mail Armor
49:45 Howdah
50:58 Parthian Tactics
54:49 Hand Cart
Pelado
7:06 Feudal Age
10:42 Castle Age
8:57 Double-Bit Axe
19:34 Bow Saw
21:30 Wheelbarrow
26:55 Imperial Age
25:24 Hand Cart
25:13 Scale Mail Armor
25:24 Forging
25:14 Stone Mining
25:19 Gold Mining
25:53 Pikeman
26:33 Squires
26:18 Arson
26:50 Chain Mail Armor
27:46 Gold Shaft Mining
28:16 Plate Mail Armor
28:22 Iron Casting
28:10 Conscription
27:48 Halberdier
29:34 Chemistry
29:38 Heavy Scorpion
31:14 Coinage
33:50 Blast Furnace
el pichichi
8:38 Feudal Age
12:44 Castle Age
10:52 Scale Mail Armor
11:03 Forging
11:17 Forging
10:59 Double-Bit Axe
11:16 Arson
11:56 Gold Mining
13:55 Chain Mail Armor
18:24 Loom
20:25 Squires
21:16 Iron Casting
24:39 Pikeman
26:46 Wheelbarrow
25:56 Town Watch
27:16 Bow Saw
26:57 Horse Collar
31:21 Heavy Plow
36:41 Imperial Age
43:45 Light Cavalry
44:35 Bloodlines
44:54 Bloodlines
44:44 Husbandry
45:57 Scale Barding Armor
46:52 Blast Furnace
46:35 Husbandry
46:52 Hussar
52:04 Chain Barding Armor
52:15 Town Watch
53:50 Plate Barding Armor
DKT | Zeusrs
8:12 Feudal Age
8:45 Loom
8:45 Horse Collar
8:59 Double-Bit Axe
10:25 Loom
13:09 Castle Age
15:29 Bow Saw
15:39 Bloodlines
17:15 Husbandry
19:43 Man-at-Arms
21:18 Fletching
21:42 Scale Barding Armor
23:42 Chain Barding Armor
29:42 Imperial Age
29:30 Forging
30:23 Wheelbarrow
29:45 Gold Mining
29:46 Stone Mining
32:05 Hand Cart
32:25 Conscription
32:58 Long Swordsman
33:53 Two-Handed Swordsman
36:33 Scale Mail Armor
43:09 Double Crossbow
45:18 Town Watch
48:26 Elite Battle Elephant
48:45 Pikeman
51:04 Light Cavalry
52:27 Halberdier
The Kraken
7:30 Feudal Age
12:46 Castle Age
10:49 Double-Bit Axe
11:45 Horse Collar
15:30 Bow Saw
17:18 Loom
20:59 Wheelbarrow
22:11 Hand Cart
21:56 Gold Mining
22:08 Heavy Plow
24:47 Gold Shaft Mining
27:09 Imperial Age
25:06 Bloodlines
24:59 Husbandry
25:31 Scale Barding Armor
25:37 Forging
27:14 Chain Barding Armor
27:05 Cavalier
29:10 Plate Barding Armor
29:10 Iron Casting
30:06 Two-Man Saw
29:38 Crop Rotation
29:22 Savar
30:24 Stone Mining
32:57 Chemistry
32:08 Masonry
33:06 Conscription
32:59 Citadels
33:26 Hoardings
33:42 Kamandaran
34:45 Fletching
36:53 Blast Furnace
35:48 Bodkin Arrow
35:58 Light Cavalry
40:17 Hussar
41:39 Crossbowman
42:26 Thumb Ring
44:42 Ballistics
44:53 Architecture
45:29 Coinage
46:07 Padded Archer Armor
47:23 Banking
Cochiloco2000
0:45 Loom
8:29 Feudal Age
13:54 Castle Age
12:30 Wheelbarrow
11:49 Gold Mining
12:07 Scale Barding Armor
12:29 Forging
12:33 Double-Bit Axe
16:07 Bow Saw
17:32 Iron Casting
18:46 Gold Shaft Mining
20:17 Husbandry
21:48 Fletching
23:01 Chain Barding Armor
24:17 Scale Mail Armor
23:40 Pikeman
25:26 Gambesons
26:07 Chain Mail Armor
28:00 Sanctity
28:13 Squires
30:09 Light Cavalry
33:47 Imperial Age
31:33 Hand Cart
31:11 Stone Mining
33:49 Cavalier
35:07 Plate Barding Armor
35:32 Blast Furnace
35:03 Plate Mail Armor
52:26 Paladin
impossible
7:45 Feudal Age
11:28 Castle Age
10:35 Double-Bit Axe
10:37 Horse Collar
10:52 Gold Mining
13:42 Fletching
16:10 Bodkin Arrow
16:35 Loom
19:57 Forging
21:23 Husbandry
21:34 Bloodlines
23:17 Town Watch
24:09 Wheelbarrow
29:07 Ballistics
31:36 Imperial Age
31:04 Padded Archer Armor
31:16 Scale Barding Armor
31:43 Elite Ballista Elephant
32:28 Double Crossbow
32:49 Conscription
32:46 Bracer
33:48 Chemistry
33:38 Siege Engineers
34:43 Chain Barding Armor
37:44 Plate Barding Armor
37:11 Stone Mining
37:58 Gold Shaft Mining
38:58 Iron Casting
37:52 Light Cavalry
39:44 Hussar
46:33 Tusk Swords
50:50 Blast Furnace
50:27 Hand Cart
50:13 Town Patrol
50:15 Heavy Plow
50:26 Bow Saw
53:55 Crop Rotation
53:28 Padded Archer Armor
53:28 Scale Mail Armor
53:40 Masonry
54:39 Hoardings
55:10 Architecture
crispyburrito
10:31 Feudal Age
11:17 Double-Bit Axe
14:31 Castle Age
13:22 Horse Collar
16:21 Bow Saw
16:12 Heavy Plow
16:04 Gold Mining
16:32 Scale Mail Armor
16:48 Loom
22:03 Squires
22:20 Chain Mail Armor
24:36 Chieftains
24:53 Forging
29:13 Iron Casting
29:05 Arson
30:01 Ballistics
29:33 Fletching
36:19 Imperial Age
36:20 Elite Berserk
37:41 Plate Mail Armor
38:12 Blast Furnace
Connection lost

Rejoining the realm…

Still unreachable

The connection could not be restored.

Session expired

The server has moved on; the page needs a fresh start.